 Dungeon Crawl Stone Soup version 0.19-a0-916-g8ae7e35 (webtiles) character file.

3 Implojin the Shield-Bearer (level 1, -3/19 HPs)
             Began as a Minotaur Fighter on July 6, 2016.
             Slain by a gnoll
             ... wielding a +0 flail
              (9 damage)
             ... on level 2 of the Dungeon.
             The game lasted 00:00:41 (151 turns).

Implojin the Shield-Bearer (Minotaur Fighter)        Turns: 151, Time: 00:00:42

Health: -3/19      AC:  6    Str: 20    XL:     1   Next: 41%
Magic:  0/0        EV:  7    Int:  5    God:
Gold:   0          SH:  9    Dex:  9    Spells: 0 memorised, 0 levels left

rFire  . . .     SeeInvis .     a - +0 war axe
rCold  . . .     Gourm    .     b - +0 scale mail
rNeg   . . .     Faith    .     c - +0 shield
rPois  .         Spirit   .     (helmet restricted)
rElec  .         Dismiss  .     (no cloak)
rCorr  .         Reflect  .     (no gloves)
SustAt .         Harm     .     (no boots)
MR     .....                    (no amulet)
Stlth  ..........               (no ring)
                                (no ring)

@: not resistant to hostile enchantments, extremely unstealthy
A: retaliatory headbutt, horns 2
a: no special abilities


You were on level 2 of the Dungeon.
You were not hungry.

You visited 1 branch of the dungeon, and saw 2 of its levels.

Inventory:

Hand Weapons
 a - a +0 war axe (weapon)
Armour
 b - a +0 scale mail (worn)
 c - a +0 shield (worn)
Scrolls
 g - a scroll of identify {unknown}
Potions
 d - a potion of might
 e - a potion of magic {unknown}
Comestibles
 f - 2 bread rations


   Skills:
 - Level 3.6 Fighting
 * Level 2.8 Axes
 - Level 3.6 Armour
 - Level 3.6 Shields


You couldn't memorise any spells.
You didn't know any spells.

Dungeon Overview and Level Annotations

Branches:
Dungeon (2/15)

Altars:


Innate Abilities, Weirdness & Mutations

You reflexively headbutt those who attack you in melee.
You have a pair of horns on your head.


Message History

The kobold hits you but does no damage. The kobold hits you with a dagger.
You see here a sapphire potion.
e - a sapphire potion The kobold barely misses you.
A gnoll comes into view. It is wielding a whip.
You block the kobold's attack.
A kobold comes into view.
The kobold shouts!
Found a scroll labeled ISTYAV OHAJO.
Found a bread ration.
Found a stone staircase leading down.
You see here a bread ration.
f - 2 bread rations (gained 1)
The kobold hits you but does no damage. You block the kobold's attack.
You see here a scroll labeled ISTYAV OHAJO.
g - a scroll labeled ISTYAV OHAJO You block the kobold's attack.
You barely miss the kobold. The kobold hits you but does no damage.
The kobold hits you with a dagger.
You hit the kobold.
You kill the kobold!
You slash the kobold!
You kill the kobold!
A giant cockroach comes into view.
Found a stone staircase leading up.
The giant cockroach bites you but does no damage.
The giant cockroach closely misses you.
There is a stone staircase leading up here.
You hit the giant cockroach. You headbutt the giant cockroach.
You kill the giant cockroach!
You hit the gnoll but do no damage. You headbutt the gnoll.
The gnoll is moderately wounded.
The gnoll hits you with a flail!
Ouch! That really hurt!
* * * LOW HITPOINT WARNING * * *
You see here a giant cockroach corpse.
The gnoll hits you with a flail!
You die...

#.#K#..#.# #. #.#.##.#.#
#.
#.#.##...###############.
#.#.........g.........†<.
#.#####.g###############.
............)....g.g.g...
.######.g################
#.g# #.@# #..# ##.# .>#
###


You could see 3 gnolls.

Vanquished Creatures
  A giant cockroach (D:2)
  2 kobolds (D:2)
3 creatures vanquished.

Notes
Turn   | Place    | Note
-------+----------+-------------------------------------------
     0 | D:1      | Implojin the Minotaur Fighter began the quest for the Orb.
     0 | D:1      | Reached XP level 1. HP: 19/19 MP: 0/0
   151 | D:2      | Slain by a gnoll

Vault maps used:
D:1:      tarquinn_simple_flora_water_a, minmay_misc_feat_chi

Action                   || total
-------------------------++-------
Melee: War axe           ||     5
       Headbutt          ||     2
Armor: Scale mail        ||     4
Dodge: Dodged            ||     2
Block: Shield            ||     5

Table legend:
 A = Turns spent in this place as a percentage of turns spent in the entire game.
 B = Non-inter-level travel turns spent in this place as a percentage of non-inter-level travel turns spent in the entire game.
 C = Inter-level travel turns spent in this place as a percentage of turns spent in this place.
 D = Turns resting spent in this place as a percentage of non-inter-level travel turns spent in this place.
 E = Turns spent auto-exploring this place as a percentage of non-inter-level travel turns spent in this place.
 F = Non-inter-level travel turns spent in this place divided by the number of levels of this place that you've seen.
                   A       B       C       D       E      F
               +-------+-------+-------+-------+-------+----------------------
         Total | 100.0 | 100.0 |   0.0 |   0.0 |   0.0 |  76.0
       Dungeon | 100.0 | 100.0 |   0.0 |   0.0 |   0.0 |  76.0
               +-------+-------+-------+-------+-------+----------------------

Table legend:
 A = Kills in this place as a percentage of kills in entire the game.
 B = Kills by you in this place as a percentage of kills by you in the entire game.
 C = Kills by friends in this place as a percentage of kills by friends in the entire game.
 D = Other kills in this place as a percentage of other kills in the entire game.
 E = Experience gained in this place as a percentage of experience gained in the entire game.
 F = Experience gained in this place divided by the number of levels of this place that you have seen.
                   A       B       C       D       E      F
               +-------+-------+-------+-------+-------+----------------------
         Total | 100.0 | 100.0 |  -nan |  -nan | 100.0 |   2.5
       Dungeon | 100.0 | 100.0 |  -nan |  -nan | 100.0 |   2.5
               +-------+-------+-------+-------+-------+----------------------
